 Dungeon Crawl Stone Soup version 0.26-a0-863-g3bff4b215c (webtiles) character file.

Game seed: 4831407131685887449

60 iamoutofideas the Magician (level 3, -5/19 HPs)
             Began as a Deep Elf Fire Elementalist on Nov 25, 2020.
             Slain by a hobgoblin
             ... wielding a +0 club
             ... led by Robin
              (11 damage)
             ... on level 2 of the Dungeon.
             The game lasted 00:03:51 (3545 turns).

iamoutofideas the Magician (DEFE)                   Turns: 3545, Time: 00:03:52

Health: -5/19      AC:  2    Str:  5    XL:     3   Next: 80%
Magic:  5/10       EV: 13    Int: 20    God:
Gold:   63         SH:  0    Dex: 15    Spells: 8/9 levels left

rFire    x . .     SeeInvis .   l - +2 dagger (venom)
rCold    + + .     Faith    .   (no shield)
rNeg     . . .     Spirit   .   a - +0 robe
rPois    .         Reflect  .   (no helmet)
rElec    .         Harm     .   (no cloak)
rCorr    .         Rampage  .   (no gloves)
MR       .....                  (no boots)
Stlth    ++........             (no amulet)
HPRegen  0.06/turn              f - ring of ice
MPRegen  0.12/turn              i - ring of protection from cold

@: no status effects
A: no striking features
a: no special abilities


You were on level 2 of the Dungeon.
You visited 1 branch of the dungeon, and saw 3 of its levels.

You collected 63 gold pieces.

Inventory:

Hand Weapons
 l - a +2 dagger of venom (weapon)
Armour
 a - a +0 robe (worn)
Jewellery
 f - a ring of ice (left hand)
 i - a ring of protection from cold (right hand)
Wands
 b - a wand of random effects (26)
Scrolls
 c - 2 scrolls of enchant weapon
 h - a scroll of immolation {unknown}
 k - a scroll of remove curse {unknown}
 n - a scroll of teleportation {unknown}
Potions
 d - a potion of curing
 e - a potion of brilliance
 j - a potion of heal wounds {unknown}
 m - a potion of berserk rage {unknown}


   Skills:
 + Level 0.2 Fighting
 + Level 0.4 Short Blades
 + Level 2.8 Dodging
 + Level 3.2 Stealth
 + Level 0.2 Unarmed Combat
 + Level 3.7 Spellcasting
 + Level 2.0 Conjurations
 + Level 3.6 Fire Magic


You had 8 spell levels left.
You knew the following spells:

 Your Spells              Type           Power        Failure   Level
a - Foxfire               Conj/Fire      ###.         4%          1

Your spell library contained the following spells:

 Spells                   Type           Power        Failure   Level
 Conjure Flame            Conj/Fire      ###.....     12%         3
 Inner Flame              Hex/Fire       ##......     19%         3
 Sticky Flame             Conj/Fire      ###.....     38%         4
 Fireball                 Conj/Fire      ###.......   75%         5


Dungeon Overview and Level Annotations

Branches:
Dungeon (3/15)

Altars:

Annotations:
D:3 Robin


Message History

You kill the hobgoblin!
Unknown command.
Casting: Foxfire (safe; 4% risk of failure)
Confirm with . or Enter, or press ? or * to list all spells.
You conjure some foxfire!
The foxfire hits the hobgoblin but does no damage.
Unknown command.
Casting: Foxfire (safe; 4% risk of failure)
Confirm with . or Enter, or press ? or * to list all spells.
You conjure some foxfire!
The foxfire hits the hobgoblin.
The hobgoblin is severely wounded.
Casting: Foxfire (safe; 4% risk of failure)
Confirm with . or Enter, or press ? or * to list all spells.
Nothing appears to happen.
The hobgoblin closely misses you.
Unknown command.
You hit the hobgoblin.
The hobgoblin is poisoned.
The hobgoblin is heavily wounded.
The hobgoblin closely misses you. The hobgoblin hits you with a +0 club!
Ouch! That really hurt!
You die...

# #.# #..........†# #
#.# #.#########.# #
#.# #.#......##.# #.#
#.#.####.##.# #.#
#.#.# #.##.# #.# #.#.#
#.##.#
######.###########.#.#
#.##.#
.....).).......gg#.#.#
#.##.#
####.#.#########@#.#.#
#.##.#
#.#...##########..#
#.##.#
#.###.##..........#
#.##.# #.#
#..+.########## #)##.#
#.# ###...........#
#.##.# ####.#
#.#..#####..# #.##.#
..##.# #.#...#.#.###
#.##.# #.##.##
#.#.#.#.#.# #.##.#
......# #.#.#.#.#.#
#.##.#


You could see 2 hobgoblins.

Vanquished Creatures
  An adder (D:2)
  A worm (D:2)
  4 leopard geckos
  5 bats
  3 giant cockroaches
  9 goblins
  5 hobgoblins (D:2)
  A ball python (D:1)
  6 frilled lizards
  4 kobolds
  5 rats
44 creatures vanquished.

Vanquished Creatures (others)
  92 foxfires
92 creatures vanquished.

Grand Total: 136 creatures vanquished

Notes
Turn   | Place    | Note
-------+----------+-------------------------------------------
     0 | D:1      | iamoutofideas the Deep Elf Fire Elementalist began the
                  | quest for the Orb.
     0 | D:1      | Reached XP level 1. HP: 10/10 MP: 6/6
   265 | D:1      | Reached XP level 2. HP: 15/15 MP: 0/8
  1192 | D:2      | Reached XP level 3. HP: 19/19 MP: 5/10
  2086 | D:2      | Found a faded altar of an unknown god.
  3058 | D:3      | Noticed Robin
  3521 | D:2      | Upgraded the game from 0.26-a0-858-gbf766624f9 to
                  | 0.26-a0-863-g3bff4b215c
  3545 | D:2      | Slain by a hobgoblin

Illustrated notes

Levels and vault maps discovered:
D:1:      dpeg_arrival_leaves_temple_mockup, layout_loops_ring, minmay_tall_x
D:2:      layout_basic, serial_co_window_serial, co_window_paths_a,
          co_window_paths_a, co_window_of_opportunity_a,
          co_window_of_opportunity_a, co_window_paths_a, co_window_cross_1,
          co_window_paths_b, co_window_paths_a, co_window_corner_a,
          co_window_of_opportunity_b, co_window_broadway_c,
          co_window_broadway_a, co_window_4corner_a, co_window_paths_d,
          glass_columns_a, glass_columns_b, glass_columns_b,
          chequers_ecumenical_altar_grove
D:3:      layout_rooms, lemuel_crystal_altar, amethyst_overflow_temple_binary,
          gammafunk_ghost_gnarly_gnolls, hangedman_decor_push,
          grunt_ministairs_13, uniq_robin

Skill      XL: |  1  2  3 |
---------------+----------+-----
Stealth        | 3 |  3.2
Conjurations   | 2 |  2.0
Fighting       | |  0.2
Short Blades   | |  0.4
Dodging        | |  2.8
Unarmed Combat | |  0.2
Spellcasting   | |  3.7
Fire Magic     | |  3.6

Action                   || total
-------------------------++-------
Melee: Unarmed           ||    23
       Dagger            ||    28
 Cast: Foxfire           ||    80
  Use: Scroll            ||     5
 Stab: Sleeping          ||     5
Armor: Robe              ||    24
Dodge: Dodged            ||    81

Table legend: (Time is in decaauts)
 A = Elapsed time spent in this place.
 B = Non-inter-level travel time spent in this place.
 C = Inter-level travel time spent in this place.
 D = Time resting spent in this place.
 E = Time spent auto-exploring this place.
 F = Levels seen in this place.
 G = Mean time per level.
                   A        B        C        D        E       F      G
               +--------+--------+--------+--------+--------+-----+--------+
         Total |   3545 |   3446 |     99 |    784 |   2255 |   3 | 1181.7 |
       Dungeon |   3545 |   3446 |     99 |    784 |   2255 |   3 | 1181.7 |
               +--------+--------+--------+--------+--------+-----+--------+

Top non-repeatable levels by time:
     D:2: 2526 daAuts
     D:1: 975 daAuts
     D:3: 43 daAuts
